 Dungeon Crawl Stone Soup version 0.27.1-34-g3ba077fa99 (webtiles) character file.

Game seed: 11513812813198391024

196 pkoi the Conjurer (level 5, 0/38 HPs)
             Began as a Draconian Conjurer on Jan 27, 2022.
             Slain by a kobold (2 damage)
             ... on level 3 of the Dungeon.
             The game lasted 00:04:42 (3037 turns).

pkoi the Conjurer (Draconian Conjurer)              Turns: 3037, Time: 00:04:42

Health: 0/38       AC:  5    Str: 10    XL:     5   Next: 46%
Magic:  0/8        EV: 11    Int: 19    God:
Gold:   68         SH:  4    Dex:  9    Spells: 5/8 levels left

rFire    . . .     SeeInvis .   d - +0 club
rCold    . . .     Faith    .   i - +0 buckler
rNeg     . . .     Spirit   .   (armour unavailable)
rPois    .         Reflect  .   (helmet restricted)
rElec    .         Harm     .   (no cloak)
rCorr    .         Rampage  .   (no gloves)
Will     .....                  (no boots)
Stlth    ++........             (no amulet)
HPRegen  0.12/turn              (no ring)
MPRegen  0.11/turn              (no ring)

@: lethally poisoned (0 -> -3), flying, hasted, very quick
A: AC +5, unfitting armour, cold-blooded
a: no special abilities


You were on level 3 of the Dungeon.
You visited 1 branch of the dungeon, and saw 3 of its levels.

You collected 68 gold pieces.

Inventory:

Hand Weapons
 d - a +0 club (weapon)
 j - a +0 dagger
Missiles
 e - 8 curare-tipped darts
 f - a throwing net
Armour
 i - a +0 buckler (worn)
Scrolls
 a - a scroll of holy word {unknown}
 b - a scroll of silence {unknown}
 g - a scroll of acquirement {unknown}
 h - a scroll of vulnerability {unknown}
 k - a scroll of fear {unknown}
Potions
 l - a potion of haste


   Skills:
 - Level 1.7 Dodging
 - Level 1.7 Stealth
 + Level 3.4 Shields
 - Level 2.0 Spellcasting
 - Level 5.7 Conjurations


You had 5 spell levels left.
You knew the following spells:

 Your Spells              Type           Power      Damage    Failure   Level
a - Magic Dart            Conj           92%        1d7       1%          1
b - Searing Ray           Conj           46%        3d4       2%          2

Your spell library contained the following spells:

 Spells                   Type           Power      Damage    Failure   Level
 Foxfire                  Conj/Fire      48%        2x1d6     5%          1
 Conjure Flame            Conj/Fire      12%        6-21      17%         3
 Dazzling Flash           Conj/Hex       24%        N/A       17%         3
 Slow                     Hex            1%         N/A       26%         2
 Confusing Touch          Hex            1%         N/A       47%         3
 Inner Flame              Hex/Fire       1%         N/A       47%         3
 Vampiric Draining        Necr           0%         2d6       47%         3
 Fulminant Prism          Conj/Hex       6%         3d7       50%         4
 Iskenderun's Mystic Bla  Conj/Tloc      12%        2d5       50%         4
 Yara's Violent Unravell  Hex/Tmut       0%         3d3       99%         5


Dungeon Overview and Level Annotations

Branches:
Dungeon (3/15)

Altars:
Qazlal

Annotations:
D:3 Grinder


Innate Abilities, Weirdness & Mutations

Your plain brown scales are hard. (AC +5)
You cannot fit into any form of body armour.
You are cold-blooded and may be slowed by cold attacks.


Message History

Grinder is severely wounded.
Grinder blinks!
Aiming: Magic Dart (safe; 1% risk of failure)
Press: ? - help, Q - select action, (/) - cycle Shift-Dir - straight line, f/p - Grinder
Aim: Grinder (severely wounded, 100% to hit)
The magic dart hits Grinder.
Grinder is almost dead.
Grinder blinks!
A kobold comes into view.
It is wielding a +1 dagger of protection and quivering poisoned darts.
The kobold shouts!
The kobold throws a poisoned dart.
The poisoned dart hits you!
You are poisoned.
You feel sick.
You closely miss the giant cockroach.
You feel sick.
The giant cockroach bites you but does no damage.
You feel sick.
The kobold hits you with a +1 dagger of protection.
* * * LOW HITPOINT WARNING * * *
The giant cockroach closely misses you.
You hit the kobold but do no damage.
* * * LOW HITPOINT WARNING * * *
You feel sick. The kobold misses you. The giant cockroach bites you.
* * * LOW HITPOINT WARNING * * *
You closely miss the kobold.
* * * LOW HITPOINT WARNING * * *
You feel sick. The giant cockroach misses you.
Unknown command.
It was a potion of flight.
You feel very buoyant.
You fly up into the air.
* * * LOW HITPOINT WARNING * * *
You feel sick. The kobold misses you.
Aiming: Magic Dart (safe; 1% risk of failure)
Press: ? - help, Q - select action, (/) - cycle Shift-Dir - straight line, f - kobold
Aim: a kobold, wielding a +1 dagger of protection and quivering poisoned darts (100% to hit)
The magic dart hits the kobold but does no damage.
The giant cockroach bites you.
* * * LOW HITPOINT WARNING * * *
The kobold hits you with a +1 dagger of protection.
You die...

####....# #.....# #.....
........# #.....#######.....
#..## #.......##....##.# #...##
#.....#....####..# #.#..#
##..###..#####....
#..$.######...............##
######.....$...........####.##
............#....#####.....(..#
#########[..#.@K.# #######..#
.###......B..### ##..#
#...............# ######...#
##.##...#.........#......... #.
##..$...................# #.
##.......#..##..>........# .
#..##.##....# ###..<......
...##...##...## ....#...###
##.#.###.#.#..# ........# #


You could see a giant cockroach and a kobold.

Vanquished Creatures
  A centaur skeleton (D:3)
  Natasha (twice) (D:2)
  6 adders
  A worm (D:2)
  3 dart slugs
  4 bats
  5 endoplasms
  A giant cockroach (D:1)
  4 goblins
  3 hobgoblins (D:2)
  6 jackals
  2 quokkas
  6 ball pythons
  6 frilled lizards
  4 kobolds
  6 rats
60 creatures vanquished.

Notes
Turn   | Place    | Note
-------+----------+-------------------------------------------
     0 | D:1      | pkoi the Draconian Conjurer began the quest for the Orb.
     0 | D:1      | Reached XP level 1. HP: 14/14 MP: 3/3
   277 | D:1      | Reached XP level 2. HP: 20/20 MP: 3/5
   443 | D:1      | Found a faded altar of an unknown god.
  1211 | D:1      | Reached skill level 5 in Conjurations
  1278 | D:1      | Reached XP level 3. HP: 26/26 MP: 4/6
  1436 | D:2      | Found a stormy altar of Qazlal.
  1554 | D:2      | Noticed Natasha
  1559 | D:2      | Killed Natasha
  1560 | D:2      | Reached XP level 4. HP: 25/33 MP: 1/7
  1828 | D:1      | Learned a level 2 spell: Searing Ray
  1941 | D:2      | Reached skill level 1 in Shields
  2586 | D:2      | Noticed Natasha
  2590 | D:2      | Killed Natasha
  2591 | D:2      | Reached XP level 5. HP: 38/38 MP: 3/8
  2794 | D:3      | Noticed Grinder
  3037 | D:3      | Slain by a kobold

Illustrated notes

Levels and vault maps discovered:
D:1:      onia_arrival_handbag, layout_basic, ebering_ecumenical_altar_hall
D:2:      layout_basic, basic_altar, uniq_natasha
D:3:      layout_rooms, minmay_checkerbox, uniq_crazy_yiuf_cottage, uniq_grinder

Skill      XL: |  1  2  3  4  5 |
---------------+----------------+-----
Conjurations   | 5 |  5.7
Shields        | 2 3 |  3.4
Dodging        | |  1.7
Stealth        | |  1.7
Spellcasting   | |  2.0

Action                   |  1- 3 |  4- 6 || total
-------------------------+-------+-------++-------
Melee: Unarmed           |     4 |       ||     4
       Tailslap          |     1 |     1 ||     2
       Club              |     3 |    16 ||    19
 Cast: Magic Dart        |    57 |    77 ||   134
       Searing Ray       |       |     4 ||     4
  Use: Potion            |       |     3 ||     3
Armor: Skin              |     3 |    10 ||    13
Dodge: Dodged            |     6 |    16 ||    22
Block: Buckler           |       |     5 ||     5
